Map: Invader LE

Players

Mindele

  • Race: Terran Terran
  • League: Bronze

iceNINE - Winner!

  • Race: Terran Terran
  • League: Silver

VOD

Have the link to the VOD?

Description

Time

  • Played on: May 14, 2016, 4:26 p.m.
  • Length: 11:17
Show
View Real Time Build Order
Export as new Build Order

Mindele Terran 

Build Orders:  

Get SALT Encoding   

  12  0:01  SCV  
  13  0:14  SCV  
  14  0:18  Supply Depot  
  14  0:26  SCV  
  15  0:40  SCV  
  15  0:41  Barracks  
  16  0:52  SCV  
  17  0:57  Barracks  
  17  1:04  Refinery  
  17  1:05  SCV  
  18  1:17  SCV  
  19  1:29  Supply Depot  
  19  1:34  Orbital Command  
  19  1:36  Marine  
  20  1:51  Barracks  
  20  1:55  Marine  
  20  1:56  Marine  
  20  2:00  SCV  
  23  2:07  Refinery  
  23  2:12  SCV  
  24  2:16  Marine  
  24  2:18  Marine  
  26  2:27  Factory  
  27  2:30  SCV  
  27  2:36  Supply Depot  
  27  2:43  Reaper  
  28  2:45  Reaper  
  28  2:47  SCV  
  30  2:59  SCV  
  30  3:05  Marine  
  32  3:12  Supply Depot  
  32  3:14  SCV  
  32  3:16  Factory Tech Lab  
  32  3:24  Marine x2  
  32  3:27  SCV  
  35  3:32  Barracks  
  35  3:34  Barracks  
  35  3:39  SCV  
  35  3:41  Siege Tank  
  39  3:50  Supply Depot  
  39  3:51  SCV  
  40  4:00  Marine  
  40  4:01  Marine  
  42  4:03  SCV  
  43  4:20  Supply Depot  
  43  4:21  Marine  
  43  4:22  Marine x3  
  43  4:23  Marine  
  48  4:25  SCV  
  49  4:37  SCV  
  50  4:40  Marine x2  
  50  4:41  Marine  
  53  4:58  Marine x2  
  54  5:16  Marine x2  
  54  5:18  Marine x2  
  57  5:27  Starport  
  57  5:28  SCV  
  58  5:29  Marine  
  58  5:31  Starport  
  58  5:33  Supply Depot  
  59  5:40  Marine, SCV  
  59  5:41  Marine x2  
  63  5:54  Marine x2, SCV  
  63  5:56  Supply Depot  
  66  6:06  SCV  
  66  6:08  Starport Tech Lab  
  67  6:20  Fusion Core  
  67  6:22  Marine x2  
  67  6:24  Marine  
  70  6:29  Starport Tech Lab  
  70  6:37  Marine  
  71  6:53  Supply Depot  
  71  6:58  Marine x4  
  71  6:59  Marine  
  76  7:15  Battlecruiser  
  82  7:16  Marine  
  82  7:20  Supply Depot  
  83  7:30  Behemoth Reactor  
  83  7:37  Marine x4  
  83  7:42  Supply Depot  
  87  7:51  Marine  
  87  7:56  Marine  
  76  8:24  Battlecruiser  
  82  9:10  Marine x2  
  82  9:11  Marine  
  85  9:22  Marine x2  
  87  9:41  Marine x3  
  87  10:42  Marine x4  
Show
View Real Time Build Order
Export as new Build Order

iceNINE Terran - Winner!

Build Orders: Reaper Expand, MMM Bio 

Get SALT Encoding   

  12  0:03  SCV  
  13  0:15  SCV  
  14  0:23  Supply Depot  
  14  0:27  SCV  
  15  0:45  Barracks, SCV  
  15  0:48  Refinery  
  16  0:57  SCV  
  17  1:13  SCV  
  18  1:27  Command Center  
  18  1:35  Reaper  
  18  1:37  SCV  
  20  1:49  Orbital Command  
  20  1:57  Supply Depot  
  20  2:02  Refinery  
  20  2:07  Reaper  
  22  2:15  SCV  
  22  2:20  Barracks  
  22  2:27  SCV  
  23  2:37  Factory  
  23  2:39  SCV  
  23  2:42  Barracks Tech Lab  
  24  2:46  SCV  
  25  2:52  SCV  
  26  3:04  SCV  
  26  3:05  Stimpack  
  26  3:09  Engineering Bay  
  26  3:10  Marine  
  27  3:16  SCV  
  29  3:20  SCV  
  29  3:22  Barracks  
  29  3:28  Factory Tech Lab  
  29  3:32  Orbital Command  
  29  3:33  Marine  
  30  3:40  Missile Turret  
  30  3:43  SCV  
  31  3:50  Siege Tank  
  35  3:55  SCV  
  35  3:59  SCV  
  36  4:07  Barracks, SCV, Barracks Reactor  
  37  4:15  Starport  
  37  4:16  SCV  
  38  4:24  Marine x2  
  39  4:26  SCV  
  39  4:28  SCV  
  39  4:30  Supply Depot, Refinery  
  42  4:34  Refinery  
  42  4:38  SCV  
  43  4:40  SCV  
  43  4:44  Terran Infantry Weapons Level 1  
  44  4:50  SCV  
  44  4:52  Siege Tank, SCV  
  48  5:02  SCV  
  48  5:04  SCV  
  48  5:11  Marine x2  
  48  5:12  Marine x2  
  52  5:14  Starport Reactor, SCV  
  52  5:16  SCV  
  52  5:20  Combat Shields  
  54  5:27  Supply Depot  
  54  5:28  Supply Depot  
  54  5:32  Marine x2  
  54  5:33  Missile Turret  
  56  5:51  Supply Depot, Medivac x2  
  56  5:52  Supply Depot  
  56  5:54  SCV x2  
  62  6:06  SCV x2  
  62  6:07  Command Center  
  64  6:13  Marine x4  
  64  6:18  SCV x2  
  69  6:22  Liberator x2  
  70  6:25  Sensor Tower  
  70  6:28  Missile Turret  
  70  6:30  SCV x2  
  78  6:46  Supply Depot  
  79  6:47  Supply Depot, SCV x2  
  79  6:48  Supply Depot  
  80  6:59  SCV x2  
  82  7:01  Terran Infantry Armor Level 1  
  82  7:05  Siege Tank  
  84  7:11  Marine x4, SCV  
  89  7:22  Medivac x2  
  93  7:25  Orbital Command  
  93  7:27  Marine  
  93  7:28  Marine  
  93  7:29  Marine x2  
  97  7:37  Siege Tank  
  97  7:43  Marine  
  101  7:45  Marine  
  101  7:46  Marine x2  
  101  7:47  Marine  
  105  7:52  Engineering Bay, Medivac x2  
  105  7:56  Armory  
  109  7:59  SCV x3  
  112  8:08  Marine x2  
  112  8:09  Marine x3  
  112  8:10  Siege Tank  
  120  8:16  Supply Depot  
  120  8:18  Supply Depot  
  120  8:26  Marine x3  
  120  8:27  Marine x2  
  123  8:30  Supply Depot  
  123  8:31  Supply Depot  
  123  8:32  Supply Depot  
  125  8:35  Supply Depot  
  125  8:38  Hi-Sec Auto Tracking  
  125  8:47  Missile Turret  
  125  8:48  Missile Turret  
  125  8:49  Missile Turret  
  125  9:10  Command Center  
  125  9:14  Orbital Command  
  125  9:20  Marine x2  
  125  9:21  Marine x3  
  125  9:22  Medivac x2  
  134  9:28  Starport  
  134  9:29  Starport  
  134  9:44  SCV  
  135  9:53  Refinery  
  135  9:54  Refinery  
  135  9:57  SCV  
  136  10:09  SCV  
  137  10:18  Starport Reactor x2  
  137  10:20  Marine x3  
  137  10:21  Marine x2  
  135  10:38  Marine x3  
  135  10:39  Marine x2  
  131  10:56  Marine x4  
  131  10:57  Marine, Missile Turret  
  134  10:58  Missile Turret  
Tags
 
Composition
MMM Bio
Matchup
TvT
Race
Terran
Add a new tag
Caveats
  • Supply blocks, unpowered buildings, or Contaminate may cause inaccurate times.
  • Supply counts are checked every 10 seconds.